Description

Macro biuld with 2 fronts harass

VOD

https://www.youtube.com/watch?v=Z1VgEIFO-Tk&t=1909s

Build Order

Get SALT Encoding   

  14  0:17  Supply Depot  
  16  0:41  Barracks  
  16  0:44  Refinery  
  19  1:27  Orbital Command  
  19  1:29  Barracks Reactor  
  19  1:40  Command Center  
  19  1:48  Supply Depot  
  21  2:05  Factory  
  21  2:10  Marine x2  
  24  2:27  Marine x2  
  28  2:51  Starport  
  28  2:55  Hellion x2  
  32  2:56  Marine  
  34  3:01  Supply Depot  
  35  3:16  Marine  
  37  3:17  Hellion x2  
  41  3:26  Supply Depot  
  41  3:27  Medivac  
  45  3:37  Marine  
  46  3:40  Hellion x2  
  54  4:01  Command Center  
  54  4:04  Barracks Tech Lab  
  54  4:06  Supply Depot  
  56  4:17  Barracks x2  
  58  4:21  Factory Reactor  
  59  4:28  Stimpack  constant marine pr
  60  4:35  Refinery x2  
  61  4:46  Starport Reactor  
  61  4:51  Engineering Bay x2  
  70  5:14  Orbital Command  42 scv's
  73  5:25  Medivac x2  
  88  5:50  Terran Infantry Weapons Level 1, Terran Infantry Armor Level 1  
  93  6:08  Combat Shield  
  101  6:50  Armory  
  105  6:55  Barracks x2  
Spawning Tool Build Advisor. Get it on Overwolf

Go to:

Details

  • Created by: dimatovs  
  • Published on: Sep 08, 2020
  • Modified on: Sep 08, 2020
  • Patch: 4.11.0
  • Difficulty: Hard
Show
View Real Time Build Order
Export as new Build Order

Comments (0)

There are no comments. Be the first!

Create an account to comment!